 Dungeon Crawl Stone Soup version 0.17-a0-1046-ga09e34d (webtiles) character file.

3221 RobertPalmer the Carver (level 9, -9/74 (75) HPs)
             Began as a Naga Chaos Knight on May 15, 2015.
             Killed by the air
             ... invoked by Gastronok
              (25 damage)
             ... on level 8 of the Dungeon.
             The game lasted 00:17:57 (8514 turns).

RobertPalmer the Carver (Naga Chaos Knight)         Turns: 8514, Time: 00:17:58

HP:   -9/74 (75)    AC: 14    Str: 17    XL:     9   Next: 97%
MP:   9/9           EV: 11    Int: 16    God:    Xom [...*..]
Gold: 227           SH:  0    Dex: 11    Spells: 0 memorised, 8 levels left

rFire  . . .     SeeInvis +     a - +0 falchion (chaos)
rCold  . . .     Clarity  .     b - +3 leather armour
rNeg   + . .     SustAb   .     (no shield)
rPois  +         Gourm    .     (helmet restricted)
rElec  .         Spirit   .     (no cloak)
rCorr  .         Warding  +     D - +2 pair of gloves {Str+3}
rMut   .         Stasis   .     (no barding)
MR     ++...                    s - amulet of warding {Ward, rN+, !d}
Stlth  +.........               p - +2 ring of slaying
                                G - +1 ring of slaying

@: stone skin, very slow, very resistant to hostile enchantments, very
unstealthy
A: horns 1, stinger 1, repulsion field 1, molten scales 1, see invisible,
deformed body, magic resistance 1, poison resistance, slowness 2, slow
metabolism 1, spit poison 2, AC +3
a: Spit Poison, Renounce Religion


You were on level 8 of the Dungeon.
You worshipped Xom.
You were a favourite toy of Xom.
You were hungry.

You visited 1 branch of the dungeon, and saw 8 of its levels.

You collected 396 gold pieces.
You spent 169 gold pieces at shops.

Inventory:

Hand weapons
 a - a +0 falchion of chaos (weapon)
 f - the +1 dagger "Xeriem" {venom, Str+7, unknown}
   (You found it on level 7 of the Dungeon)

   It poisons the flesh of those it strikes.
   It affects your strength (+7).
Missiles
 M - 8 curare-tipped needles
Armour
 b - a +3 leather armour (worn)
 D - a +2 pair of gloves of strength (worn)
   (You bought it in a shop on level 4 of the Dungeon)
Jewellery
 d - an uncursed ring of positive energy {rN+}
   (You found it on level 1 of the Dungeon)
 n - an uncursed amulet of guardian spirit {Spirit}
   (You found it on level 3 of the Dungeon)
 p - a +2 ring of slaying (right hand)
   (You found it on level 3 of the Dungeon)
 s - an amulet of warding (around neck) {Ward, rN+, !d}
   (You found it on level 4 of the Dungeon)
 B - an uncursed ring of protection from magic {MR+, !d}
   (You found it on level 4 of the Dungeon)
 G - a +1 ring of slaying (left hand)
   (You bought it in a shop on level 5 of the Dungeon)
Magical devices
 l - a wand of digging (10)
   (Xom gifted it to you on level 2 of the Dungeon)
 o - a wand of hasting (4)
   (You found it on level 3 of the Dungeon)
 r - a wand of slowing (12)
   (You took it off an orc on level 6 of the Dungeon)
 u - a wand of paralysis (14)
   (You found it on level 3 of the Dungeon)
 x - a wand of teleportation (4)
   (You found it on level 4 of the Dungeon)
Scrolls
 e - 2 scrolls of fog
 g - a scroll of enchant armour
 h - a scroll of recharging
 j - 3 scrolls of remove curse
 m - a scroll of teleportation
 w - a scroll of noise {unknown}
 E - a scroll of immolation {!r}
 F - 2 scrolls of magic mapping {!r}
Potions
 k - a potion of haste {unknown}
 q - 2 potions of cancellation
 t - a potion of mutation {unknown}
 A - 2 potions of flight {unknown}
 H - a potion of magic {unknown}
 J - a potion of ambrosia {!q}
 K - a potion of invisibility {unknown}
 L - 2 potions of curing
Books
 v - a book of Control
   (You found it on level 3 of the Dungeon)
 y - a book of Battle
   (You found it on level 4 of the Dungeon)
Comestibles
 c - 10 bread rations {@e1}
 i - 2 meat rations {@e2}
 z - 9 fruits
 C - a royal jelly


   Skills:
 - Level 3.0 Fighting
 - Level 13.3 Long Blades
 - Level 1.5 Armour
 + Level 1.8 Dodging


You had 8 spell levels left.
You didn't know any spells.

Dungeon Overview and Level Annotations

Branches:
Dungeon (8/15)             Temple (0/1) D:6
   Lair: D:8-11

Altars:
Cheibriados
Dithmenos
Gozag
Kikubaaqudgha
Nemelex Xobeh
Vehumet
Zin

Shops:
D:4 *   D:5 =?*=

Annotations:
D:8 Gastronok


Innate Abilities, Weirdness & Mutations

You cannot wear boots.
Your serpentine skin is tough (AC +3).
You have supernaturally acute eyesight.
Armour fits poorly on your strangely shaped body.
Your system is resistant to poisons.
You cover ground very slowly.
You have a slow metabolism.
You can spit poison.
You have a pair of small horns on your head.
Your tail ends in a poisonous barb.
You are surrounded by a mild repulsion field (EV +2).
You are partially covered in molten scales (AC +1).
You are resistant to hostile enchantments.


Message History

a club; a ring mail; an orc corpse
Things that are here:
3 tomahawks; an orc corpse You see here a short sword.
You found a teleport trap!
You are feeling hungry.
w - a scroll labeled TOOLOB TEIHEUL A hound and Grum come into view.
Grum growls angrily.
The hound barks!
A rat comes into view.
You see here 2 scrolls labeled OGRUFU MAJU.
E - 2 scrolls labeled OGRUFU MAJU Grum points his finger and shouts, "Junior!
Sic 'em!"
A wolf comes into view.
A wolf comes into view.
Grum bares his teeth.
Aim: Grum, wielding a halberd and wearing an animal skin The splash of poison hits the rat.
You kill the rat!
You feel slightly more hungry.
The wolf barks!
A wolf comes into view.
The wolf barks!
Xom plays with reality for a moment.
Your skin hardens.
You have got your breath back.
Grum hits you with a halberd.
You take 2 damage, and have 72/74 hp.
You hit Grum. You freeze Grum. You headbutt Grum! You slash Grum!
You freeze Grum. Grum closely misses you.
You hit Grum.
A worker ant comes into view.
The worker ant twitches its antennae in your direction.
You slash Grum! You burn Grum.
You kill Grum!
You feel your dexterity returning.
You hit the wolf.
The wolf is poisoned.
The wolf misses you.
You hit the wolf. Your headbutt misses the wolf.
The wolf bites you but does no damage.
You slash the wolf!
The wolf seems to slow down.
Your tail-slap misses the wolf.
The wolf bites you.
You take 5 damage, and have 68/74 hp.
You hit the wolf but do no damage.
The wolf is moving more slowly.
You headbutt the wolf. The wolf closely misses you.
You hit the wolf. You drain the wolf!
You kill the wolf!
Gastronok the Ponderous comes into view.
You miss the wolf.
Gastronok gurgles horribly!
You headbutt the wolf. "Hum-dee-hum-dee-hum..."
The hound is moving more slowly.
You are now a favourite toy of Xom.
The wolf bites you.
You take 2 damage, and have 66/74 hp.
You are alive.
Your skin is tough as stone.
Your movement speed is very slow.
Your attack speed is quite fast.
You are very resistant to hostile enchantments.
You feel very unstealthy. The wolf bites you but does no damage.
The hound stops moving altogether!
The wolf bites you but does no damage. The wolf completely misses you.
Xom is getting BORED.
The wolf bites you but does no damage.
Read which item? (? for menu, Esc to quit)
As you read the scroll labeled OGRUFU MAJU, it crumbles to dust.
The creatures around you are filled with an inner flame!
It was a scroll of immolation.
Xom thinks this is hilarious!
The wolf bites you. The wolf bites you but does no damage.
You take 6 damage, and have 61/74 hp.
Unknown command.
Unknown command.
Unknown command.
You barely miss the wolf. The wolf bites you but does no damage.
You closely miss the wolf. You headbutt the wolf.
The worker ant bites you but does no damage.
The wolf barely misses you.
You closely miss the wolf.
Your tail-slap misses the wolf.
The worker ant closely misses you. The wolf bites you but does no damage.
You miss the wolf. You headbutt the wolf. The wolf bites you.
The worker ant bites you but does no damage.
You take 3 damage, and have 59/74 hp.
You hit the wolf but do no damage. The wolf bites you but does no damage.
The worker ant barely misses you.
Unknown command.
You hit the wolf. You burn the wolf.
The wolf explodes!
The fiery explosion engulfs you!
The fiery explosion engulfs the worker ant.
The worker ant explodes!
The fiery explosion engulfs you!
Your Dodging skill increases to level 1!
You are engulfed in roaring flames.
* * * LOW HITPOINT WARNING * * *
You hear a shout!
Gastronok waves his eye-stalks in wide circles.
The air twists around and strikes you!
You die...
Xom guffaws!

...... ...... .....#
#.....# ...... ......
####.# .## .w#h# #.####..
..#)# #.##.... #.#.# ###.
#....#.# #.#.###....
#..##..# #.#§§......
####.##..######.@§§....##
.................§§......
#....#.^.#####....%######
#.##......####....##
..##............#(.#
####.....)............
###...#########.....
##### ...## ...#


You could see Gastronok (inner flame) and a hound (inner flame).

Vanquished Creatures
  A troll (D:7)
  Grum (D:8)
  2 wolves (D:8)
  A spriggan (D:7)
  Menkaure (D:4)
  2 orc warriors
  A phantom (D:6)
  4 ogres
  3 centaurs
  A giant frog (D:6)
  3 scorpions
  2 crimson imps
  A giant frog zombie (D:7)
  8 orc priests
  2 jellies
  2 centaur skeletons
  A giant frog skeleton (D:4)
  A quasit (D:7)
  8 orc wizards
  5 worker ants
  3 iguanas
  A hound skeleton (D:6)
  11 adders
  4 gnolls
  A river rat (D:5)
  A worker ant zombie (D:5)
  3 oozes
  4 worms
  7 giant geckos
  36 orcs
  4 ball pythons
  A bat zombie (D:6)
  10 hobgoblins
  7 quokkas
  17 bats
  6 giant cockroaches
  9 giant newts
  10 goblins
  9 jackals
  10 kobolds
  2 quokka skeletons
  21 rats
227 creatures vanquished.

Vanquished Creatures (collateral kills)
  A goblin (D:3)
  A hobgoblin (D:5)
2 creatures vanquished.

Vanquished Creatures (others)
  A boggart (D:4)
  A bat (D:5)
2 creatures vanquished.

Grand Total: 231 creatures vanquished

Notes
Turn   | Place    | Note
--------------------------------------------------------------
     0 | D:1      | RobertPalmer the Naga Chaos Knight began the quest for the Orb.
     0 | D:1      | Reached XP level 1. HP: 21/21 MP: 1/1
   114 | D:1      | Reached XP level 2. HP: 22/28 MP: 2/2
   291 | D:1      | Reached skill level 4 in Long Blades
   367 | D:1      | Reached XP level 3. HP: 32/34 MP: 3/3
   824 | D:2      | XOM: mild Fire miscast
   897 | D:2      | XOM: noise
  1006 | D:2      | Reached XP level 4. HP: 17/42 MP: 4/4
  1008 | D:2      | HP: 9/42 [quokka (2)]
  1106 | D:2      | XOM: give mutations
  1106 | D:2      | Gained mutation: You are partially covered in molten scales (AC +1). [Xom's grace]
  1106 | D:2      | Gained mutation: You are surrounded by a mild repulsion field (EV +2). [Xom's grace]
  1106 | D:2      | Gained mutation: You are resistant to hostile enchantments. [Xom's grace]
  1106 | D:2      | Gained mutation: Your tail ends in a poisonous barb. [Xom's grace]
  1135 | D:2      | XOM: harmless Hex miscast
  1158 | D:2      | XOM: mild Ice miscast
  1178 | D:2      | Reached skill level 5 in Long Blades
  1273 | D:2      | XOM: harmless Trmt miscast
  1316 | D:2      | XOM is BORED!
  1316 | D:2      | XOM: give mutations
  1316 | D:2      | Lost mutation: You are surrounded by a mild repulsion field (EV +2). [Xom's mischief]
  1316 | D:2      | Lost mutation: Your tail ends in a poisonous barb. [Xom's mischief]
  1344 | D:2      | XOM: god gift: bone wand {god gift}
  1516 | D:2      | XOM: scenery: 1 doors open, 3 doors close
  1713 | D:3      | XOM: enchant monster (good)
  1734 | D:3      | XOM: potion effect (haste)
  1751 | D:3      | Reached XP level 5. HP: 38/49 MP: 5/5
  1845 | D:3      | HP: 8/49 [orc/mace (6)]
  1852 | D:3      | HP: 7/49 [orc/trident (1)]
  1857 | D:3      | HP: 4/49 [orc/trident (4)]
  2286 | D:3      | Found a sparkling altar of Nemelex Xobeh.
  2330 | D:3      | XOM: potion effect (curing)
  2354 | D:2      | Reached skill level 6 in Long Blades
  2380 | D:2      | XOM: noise
  2522 | D:3      | Reached XP level 6. HP: 34/56 MP: 3/6
  2542 | D:3      | XOM: 1-stop teleportation journey
  2709 | D:4      | Noticed Menkaure
  2711 | D:4      | XOM: 2-stop teleportation journey
  2721 | D:4      | XOM: divine lightning (protected)
  2743 | D:4      | HP: 10/56 [iguana (5)]
  2748 | D:4      | HP: 8/56 [kobold/rapier (1)]
  2766 | D:4      | XOM: mild Chrm miscast
  2794 | D:4      | HP: 12/56 [iguana (1)]
  2798 | D:4      | Reached skill level 7 in Long Blades
  2818 | D:4      | XOM: silly message
  3206 | D:4      | Killed Menkaure
  3206 | D:4      | Reached XP level 7. HP: 34/62 MP: 4/7
  3285 | D:4      | XOM: harmless Chrm miscast
  3362 | D:4      | Found Wigh's Assorted Antiques.
  3379 | D:4      | Bought a pair of embroidered gloves for 103 gold pieces
  3571 | D:4      | Reached skill level 8 in Long Blades
  3635 | D:4      | Found an opulent altar of Gozag.
  3636 | D:4      | Found a glowing silver altar of Zin.
  3678 | D:4      | XOM: potion effect (berserk rage)
  3804 | D:5      | Entered Level 5 of the Dungeon
  3850 | D:5      | XOM: cast spell 'Summon Butterflies'
  3851 | D:5      | Found Jyklaovy's Jewellery Boutique.
  3865 | D:5      | Bought a +1 ring of slaying for 66 gold pieces
  3879 | D:5      | XOM: medium Summ miscast
  3880 | D:5      | Noticed a neqoxec
  4044 | D:5      | Found Heyxuvoj's Assorted Antiques.
  4331 | D:5      | XOM: divination: detect items
  4355 | D:5      | XOM: summons 6 friendly demons
  4400 | D:5      | XOM: mild Trmt miscast
  4424 | D:5      | XOM: divination: detect creatures
  4510 | D:5      | Found an ancient bone altar of Kikubaaqudgha.
  4513 | D:5      | Found Culeupt's Jewellery Emporium.
  4601 | D:5      | Reached skill level 9 in Long Blades
  4683 | D:5      | Found Biololun's Magic Scroll Emporium.
  4703 | D:5      | XOM: mild Air miscast
  4808 | D:5      | Found a radiant altar of Vehumet.
  4897 | D:5      | Reached XP level 8. HP: 24/69 MP: 8/8
  5138 | D:5      | XOM: medium Divn miscast
  5616 | D:6      | XOM: god gift: 8 curare-tipped needles
  5815 | D:6      | Reached skill level 10 in Long Blades
  5821 | D:6      | XOM: vitrification
  6003 | D:6      | XOM: give mutations
  6003 | D:6      | Gained mutation: You are surrounded by a mild repulsion field (EV +2). [Xom's grace]
  6003 | D:6      | Gained mutation: You have a pair of small horns on your head. [Xom's grace]
  6003 | D:6      | Gained mutation: Your tail ends in a poisonous barb. [Xom's grace]
  6059 | D:6      | XOM: vitrification
  6238 | D:6      | XOM: summons 2 friendly demons
  6299 | D:6      | XOM: summons friendly crimson imp
  6324 | D:6      | Found a staircase to the Ecumenical Temple.
  6384 | D:6      | Found a snail-covered altar of Cheibriados.
  6707 | D:6      | Reached skill level 11 in Long Blades
  6727 | D:6      | XOM: silly message
  6913 | D:7      | Reached XP level 9. HP: 72/75 MP: 9/9
  7105 | D:7      | Got a brightly glowing dagger
  7110 | D:7      | XOM: mild Necr miscast
  7150 | D:7      | Reached skill level 12 in Long Blades
  7404 | D:7      | XOM: colour smoke trail
  7442 | D:7      | Found a shadowy altar of Dithmenos.
  7572 | D:7      | Noticed a troll
  7612 | D:7      | XOM: divination: detect creatures
  8302 | D:7      | Killed a troll
  8366 | D:7      | Reached skill level 13 in Long Blades
  8488 | D:8      | Noticed Grum
  8493 | D:8      | XOM: cast spell 'Stoneskin'
  8498 | D:8      | Killed Grum
  8504 | D:8      | Noticed Gastronok
  8504 | D:8      | XOM: enchant monster (good)
  8514 | D:8      | Reached skill level 1 in Dodging
  8514 | D:8      | HP: 16/74 [cloud of flame (10)]
  8514 | D:8      | Killed from afar by Gastronok

Vault maps used:
D:1:      dpeg_arrival_rooms_c
D:2:      minmay_door_path, st_stairs_9
D:3:      nicolae_overflow_crystal_walls, first_bread, nrook_loot_triangle
D:4:      grunt_temple_overflow_gold_and_silver, serial_shops, shop_statue,
          uniq_menkaure
D:5:      nicolae_overflow_hidden_temple, vehumet_crystals, serial_shops,
          nicolae_shop_behind_doors, nicolae_shop_window_shopping,
          nicolae_shop_statue_plus, shop, serial_park_tiny_1
D:6:      cheibriados_altar_wand_db, temple_green, serial_co_window_serial,
          co_window_paths_a, co_window_of_opportunity_a, co_window_paths_a,
          co_window_of_opportunity_a, co_window_corner_a, co_window_corner_a,
          co_window_corner_a, co_window_cross_4, co_window_corner_b,
          co_window_broadway_c, co_window_unsneaky_path_b, co_window_corner_b,
          co_window_cross_3, glass_columns_c, glass_columns_a, glass_columns_a
D:7:      grunt_dithmenos_smoke_and_mirrors, the_bakery, grunt_ministairs_15
D:8:      minmay_misc_feat_encased, corexii_mini_fake_secret_closet,
          hangedman_misty_isle, uniq_grum, uniq_gastronok, uniq_erolcha

Action                   |  1- 3 |  4- 6 |  7- 9 || total
-------------------------+-------+-------+-------++-------
Melee: Falchion          |   116 |   211 |   417 ||   744
 Abil: Spit Poison       |       |     5 |    22 ||    27
Evoke: Wand              |       |     1 |     2 ||     3
  Use: Scroll            |       |     3 |    15 ||    18
       Potion            |       |     5 |       ||     5
 Stab: Paralysed         |       |    13 |     5 ||    18
       Petrified         |       |       |     4 ||     4
       Confused          |       |       |     2 ||     2
  Eat: Chunk             |       |     6 |    15 ||    21
       Pizza             |       |       |     1 ||     1

Vault maps used:
D:1:      dpeg_arrival_rooms_c
D:2:      minmay_door_path, st_stairs_9
D:3:      nicolae_overflow_crystal_walls, first_bread, nrook_loot_triangle
D:4:      grunt_temple_overflow_gold_and_silver, serial_shops, shop_statue,
          uniq_menkaure
D:5:      nicolae_overflow_hidden_temple, vehumet_crystals, serial_shops,
          nicolae_shop_behind_doors, nicolae_shop_window_shopping,
          nicolae_shop_statue_plus, shop, serial_park_tiny_1
D:6:      cheibriados_altar_wand_db, temple_green, serial_co_window_serial,
          co_window_paths_a, co_window_of_opportunity_a, co_window_paths_a,
          co_window_of_opportunity_a, co_window_corner_a, co_window_corner_a,
          co_window_corner_a, co_window_cross_4, co_window_corner_b,
          co_window_broadway_c, co_window_unsneaky_path_b, co_window_corner_b,
          co_window_cross_3, glass_columns_c, glass_columns_a, glass_columns_a
D:7:      grunt_dithmenos_smoke_and_mirrors, the_bakery, grunt_ministairs_15
D:8:      minmay_misc_feat_encased, corexii_mini_fake_secret_closet,
          hangedman_misty_isle, uniq_grum, uniq_gastronok, uniq_erolcha

Table legend:
 A = Turns spent in this place as a percentage of turns spent in the entire game.
 B = Non-inter-level travel turns spent in this place as a percentage of non-inter-level travel turns spent in the entire game.
 C = Inter-level travel turns spent in this place as a percentage of turns spent in this place.
 D = Turns resting spent in this place as a percentage of non-inter-level travel turns spent in this place.
 E = Turns spent auto-exploring this place as a percentage of non-inter-level travel turns spent in this place.
 F = Non-inter-level travel turns spent in this place divided by the number of levels of this place that you've seen.
                   A       B       C       D       E      F
               +-------+-------+-------+-------+-------+----------------------
         Total | 100.0 | 100.0 |   0.4 |   2.8 |  11.1 | 326.6
       Dungeon | 100.0 | 100.0 |   0.4 |   2.8 |  11.1 | 326.6
               +-------+-------+-------+-------+-------+----------------------

Table legend:
 A = Kills in this place as a percentage of kills in entire the game.
 B = Kills by you in this place as a percentage of kills by you in the entire game.
 C = Kills by friends in this place as a percentage of kills by friends in the entire game.
 D = Other kills in this place as a percentage of other kills in the entire game.
 E = Experience gained in this place as a percentage of experience gained in the entire game.
 F = Experience gained in this place divided by the number of levels of this place that you have seen.
                   A       B       C       D       E      F
               +-------+-------+-------+-------+-------+----------------------
         Total | 100.0 | 100.0 | 100.0 | 100.0 | 100.0 | 575.2
       Dungeon | 100.0 | 100.0 | 100.0 | 100.0 | 100.0 | 575.2
               +-------+-------+-------+-------+-------+----------------------
